 Dungeon Crawl Stone Soup version 0.29.1-2-gbd0b4ee654 (webtiles) character file.

Game seed: 11692345187872564913

139 styxcanada the Covert (level 5, -6/26 HPs)
             Began as a Spriggan Brigand on Nov 18, 2022.
             Mangled by Duvessa
             ... wielding a +0 short sword
              (10 damage)
             ... on level 4 of the Dungeon.
             The game lasted 00:08:12 (2612 turns).

styxcanada the Covert (Spriggan Brigand)            Turns: 2612, Time: 00:08:13

Health: -6/26      AC:  3    Str:  7    XL:     5   Next: 1%
Magic:  6/6        EV: 17    Int: 13    God:
Gold:   16         SH:  0    Dex: 18    Spells: 4/4 levels left

rFire   . . .      SeeInvis +   a - +2 dagger
rCold   . . .      Faith    .   (no shield)
rNeg    . . .      Spirit   .   b - +0 robe
rPois   .          Reflect  .   (helmet restricted)
rElec   .          Harm     .   c - +0 cloak
rCorr   .          Rampage  .   (gloves unavailable)
Will    .....                   (boots unavailable)
Stlth   ++++......              (no amulet)
HPRegen 0.08/turn               (no ring)
MPRegen 0.10/turn               (no ring)

@: very quick
A: very small, no large weapons, unfitting armour, see invisible, speed 3
a: no special abilities


You were on level 4 of the Dungeon.
You visited 1 branch of the dungeon, and saw 3 of its levels.

You collected 38 gold pieces.
You spent 22 gold pieces at shops.

Inventory:

Hand Weapons
 a - a +2 dagger (weapon)
Missiles
 e - 3 curare-tipped darts (quivered)
 h - 29 stones
Armour
 b - a +0 robe (worn)
 c - a +0 cloak (worn)
Scrolls
 f - a scroll of enchant armour {unknown}
 g - a scroll of butterflies {unknown}
 j - a scroll of silence {unknown}
 m - a scroll of magic mapping {unknown}
Potions
 i - 3 potions of curing
 k - 2 potions of resistance {unknown}
 l - 2 potions of attraction {unknown}
 n - a potion of heal wounds {unknown}
 o - 2 potions of brilliance {unknown}
 p - a potion of lignification {unknown}
 q - a potion of flight {unknown}


   Skills:
 * Level 2.1 Fighting
 + Level 2.5 Short Blades
 + Level 2.1 Throwing
 * Level 2.7 Dodging
 * Level 8.4 Stealth


You had 4 spell levels left.
You didn't know any spells.
Your spell library contained the following spells:

 Spells                   Type           Power      Damage    Failure   Level
 Summon Guardian Golem    Hex/Summ       0%         N/A       67%         3
 Orb of Destruction       Conj           0%         9d5       100%        7
 Spellforged Servitor     Conj/Summ      0%         N/A       100%        7


Dungeon Overview and Level Annotations

Branches:
Dungeon (2/15)

Altars:

Shops:
D:1 ?:[[*

Annotations:
D:4 Duvessa


Innate Abilities, Weirdness & Mutations

You are very small and have problems with some larger weapons.
You are too small for most types of armour.
You have supernaturally acute eyesight. (SInv)
You cover ground extremely quickly. (Speed+++)


Message History

Duvessa barely misses you.
You see here a poisoned dart.
Throw: 4 darts (poison)
Press: ? - help, Q - select action, (/) - cycle Shift-Dir - straight line, f - Duvessa
Aim: Duvessa, wielding a +0 short sword and wearing a +0 leather armour (moderately wounded, berserk, 66% to hit)
You throw a poisoned dart. The poisoned dart hits Duvessa.
Duvessa is moderately wounded.
Duvessa completely misses you.
You see here a poisoned dart.
Throw: 3 darts (poison)
Press: ? - help, Q - select action, (/) - cycle Shift-Dir - straight line, f/p - Duvessa
Aim: Duvessa, wielding a +0 short sword and wearing a +0 leather armour (moderately wounded, berserk, 66% to hit)
You throw a poisoned dart.
The poisoned dart completely misses Duvessa.
Duvessa hits you with a +0 short sword.
* * * LOW HITPOINT WARNING * * *
You see here a poisoned dart.
You see here a poisoned dart.
Duvessa rages.
Throw: 2 darts (poison)
Press: ? - help, Q - select action, (/) - cycle Shift-Dir - straight line, f/p - Duvessa
Aim: Duvessa, wielding a +0 short sword and wearing a +0 leather armour (moderately wounded, berserk, 66% to hit)
You throw a poisoned dart.
The poisoned dart completely misses Duvessa.
Duvessa rages.
A goblin comes into view. It is wielding a +0 dagger.
Duvessa rages.
The goblin shouts!
You hear an angry growl.
A quokka comes into view.
Found a scroll labelled KAXZO NOCSECK.
Duvessa rages.
Throw: dart (poison)
Press: ? - help, Q - select action, (/) - cycle Shift-Dir - straight line, f/p - Duvessa
Aim: Duvessa, wielding a +0 short sword and wearing a +0 leather armour (moderately wounded, berserk, 66% to hit)
You throw a poisoned dart. The poisoned dart hits Duvessa.
Duvessa is poisoned.
Duvessa is moderately wounded.
Duvessa rages.
Duvessa hits you with a +0 short sword!
You die...

#.. ... .. .. .# .# ?.
###.# #.### #.@.##......
##e##.|...... .r..
#.(##........
....##r###........
................... ..
.#................. # #.##
.#.........g..[.... # ..#
.#.................
####.##.#.................


You could see Duvessa (berserk, poisoned) and a quokka.

Vanquished Creatures
  Dowan (D:4)
  4 adders (D:2)
  A worm (D:2)
  A dart slug (D:2)
  An orc (D:4)
  6 bats
  7 endoplasms
  3 giant cockroaches (D:2)
  A goblin (D:2)
  5 hobgoblins
  4 jackals (D:2)
  A quokka (D:2)
  4 ball pythons (D:1)
  A frilled lizard (D:2)
  3 kobolds (D:1)
  6 rats
49 creatures vanquished.

Notes
Turn   | Place    | Note
-------+----------+-------------------------------------------
     0 | D:1      | styxcanada the Spriggan Brigand began the quest for the
                  | Orb.
     0 | D:1      | Reached XP level 1. HP: 10/10 MP: 2/2
   110 | D:1      | Reached skill level 6 in Stealth
   338 | D:1      | Found Natuosm's Book Shoppe.
   395 | D:1      | Found Fippuicle's Antique Armour Shoppe.
   430 | D:1      | Reached XP level 2. HP: 14/14 MP: 3/3
   479 | D:1      | Found a faded altar of an unknown god.
   647 | D:1      | Found Zyuxziuf's Magic Scroll Shoppe.
   650 | D:1      | Bought a scroll of identify for 22 gold pieces
  1056 | D:1      | Found Joismot's Armour Shop.
  1127 | D:1      | Found Daonwec's Assorted Antiques.
  1489 | D:2      | Reached XP level 3. HP: 17/18 MP: 4/4
  1647 | D:2      | Identified the +1 leather armour of Xeon {MP+9 Str+6
                  | Slay-4}
  1745 | D:2      | Reached skill level 7 in Stealth
  1789 | D:2      | Identified the +4 leather armour "Buoliec" {rElec Dex-2
                  | Slay+4}
  2026 | D:2      | Reached XP level 4. HP: 23/23 MP: 5/5
  2523 | D:2      | You fall into a shaft and drop 2 floors!
  2536 | D:4      | Noticed an ogre
  2539 | D:4      | Noticed Duvessa
  2539 | D:4      | Noticed Dowan
  2580 | D:4      | Killed Dowan
  2581 | D:4      | Reached skill level 8 in Stealth
  2581 | D:4      | Reached XP level 5. HP: 8/26 MP: 6/6
  2612 | D:4      | Mangled by Duvessa

Illustrated notes

Levels and vault maps discovered:
D:1:      matt_arrival_refuge, layout_basic, serial_shops, shop,
          nicolae_shop_waterfront, nicolae_shop_waterfront,
          nicolae_shop_window_shopping, shop_statue,
          shapermc_ecumenical_altar_totnotflames
D:2:      layout_loops_corners, hangedman_abyss_or_decor_lesser_grid,
          minmay_misc_feat_alley
D:4:      layout_rooms, serial_shops, nicolae_lakefront_shop,
          minmay_ogre_servants, uniq_duvessa

Skill      XL: |  1  2  3  4 |
---------------+-------------+-----
Stealth        | 6 7 8 |  8.4
Dodging        | 2 |  2.7
Fighting       | 2 |  2.1
Short Blades   | |  2.5
Throwing       | |  2.1

Action                   |  1- 3 |  4- 6 || total
-------------------------+-------+-------++-------
Melee: Dagger            |   114 |    18 ||   132
       Punch             |     2 |       ||     2
Throw: Dart              |     3 |    13 ||    16
  Use: Scroll            |     1 |       ||     1
 Stab: Sleeping          |    13 |     5 ||    18
Armor: Robe              |    18 |     1 ||    19
Dodge: Dodged            |    66 |    10 ||    76
